AoeStats
← Chiripa605

Lombardia

508688487Analyzed
4v4 RM · 8d ago on Sep 23, 2026· 30m 45s· 8 players
Game mode
Random Map
Map size
Large (8 player)
Population
200
Speed
Normal
Resources
Standard
Victory
Conquest
Starting age
Dark Age
Ending age
Imperial Age
RankedLock teamsTeams togetherTeam positionsShared explorationLock speedFull tech treeHidden civsTurbo modeCheats
Victory
Defeat
🇬🇷 Saxons · Greece
1601
+10
🇬🇷 Berbers · Greece
1583
+11
🇬🇷 Varangians · Greece
1574
+11
1109
+28
🇺🇸 Hindustanis · United States
1470
-15
🇨🇴 Varangians · Colombia
1462
-16
🇵🇱 Celts · Poland
1456
-15
🇩🇪 Tatars · Germany
1429
-14
Dawidowww
7:06 Loom
7:11 Loom
10:34 Feudal Age
15:48 Castle Age
14:26 Double-Bit Axe
14:24 Horse Collar
17:18 Heavy Plow
23:07 Wheelbarrow
24:58 Forging
25:50 Scale Mail Armor
28:50 Iron Casting
28:19 Arson
29:09 Chain Mail Armor
Phil
11:07 Feudal Age
14:58 Castle Age
13:18 Double-Bit Axe
13:21 Horse Collar
17:04 Loom
22:29 Fletching
22:40 Padded Archer Armor
23:36 Wheelbarrow
22:47 Town Watch
24:30 Gold Mining
25:05 Bodkin Arrow
26:19 Leather Archer Armor
31:59 Imperial Age
29:45 Hand Cart
Chiripa605
4:57 Loom
9:43 Feudal Age
10:19 Double-Bit Axe
12:15 Wheelbarrow
13:22 Horse Collar
20:14 Castle Age
21:35 Bow Saw
30:58 Hand Cart
CTMlLOMBANA
10:29 Feudal Age
8:59 Loom
16:20 Castle Age
14:44 Arson
16:22 Horse Collar
20:03 Double-Bit Axe
20:55 Pikeman
21:36 Squires
twitch.tv/konpitsa
8:13 Loom
10:17 Feudal Age
11:41 Double-Bit Axe
13:21 Horse Collar
15:27 Bloodlines
19:50 Castle Age
18:24 Gold Mining
19:33 Scale Barding Armor
20:36 Scale Barding Armor
21:11 Husbandry
24:25 Town Watch
26:40 Bow Saw
27:06 Wheelbarrow
28:42 Heavy Plow
28:59 Forging
30:26 Chain Barding Armor
33:54 Imperial Age
[-A4G-] Young Strategist
8:00 Loom
10:14 Feudal Age
9:58 Loom
10:51 Double-Bit Axe
10:48 Horse Collar
18:48 Castle Age
19:48 Heavy Plow
19:59 Bow Saw
22:09 Crossbowman
23:25 Fletching
23:44 Padded Archer Armor
26:53 Wheelbarrow
31:55 Imperial Age
29:41 Hand Cart
30:10 Forging
30:08 Scale Barding Armor
30:04 Scale Mail Armor
30:09 Gold Mining
fpl_whisperer
6:10 Loom
8:59 Feudal Age
9:32 Double-Bit Axe
19:35 Castle Age
17:41 Horse Collar
18:31 Fletching
19:16 Gold Mining
20:13 Bodkin Arrow
19:39 Crossbowman
21:20 Bow Saw
22:08 Padded Archer Armor
25:00 Ballistics
25:41 Wheelbarrow
28:46 Hand Cart
31:05 Town Watch
vedousa
6:31 Loom
9:06 Feudal Age
9:49 Double-Bit Axe
9:49 Horse Collar
15:06 Scale Barding Armor
17:11 Bloodlines
21:40 Castle Age
19:41 Gold Mining
20:36 Stone Mining
20:40 Fletching
20:54 Padded Archer Armor
22:52 Bow Saw
22:38 Bodkin Arrow
22:56 Husbandry
23:13 Leather Archer Armor
24:27 Ballistics
26:14 Wheelbarrow
29:20 Kasbah
30:53 Hand Cart
Connection lost

Rejoining the realm…

Still unreachable

The connection could not be restored.

Session expired

The server has moved on; the page needs a fresh start.